 Dungeon Crawl Stone Soup version 0.31-a0-263-ge8cad7f256 (webtiles) character file.

Game seed: 2738451553903367635

13 qw the Shooter (level 2, -2/24 HPs)
             Began as a Minotaur Hexslinger on July 13, 2023.
             Slain by a goblin
             ... wielding a +0 club
              (4 damage)
             ... on level 1 of the Dungeon.
             The game lasted 00:00:07 (82 turns).

qw the Shooter (Minotaur Hexslinger)                  Turns: 82, Time: 00:00:07

Health: -2/24      AC:  2    Str: 12    XL:     2   Next: 24%
Magic:  2/2        EV: 12    Int: 10    God:
Gold:   37         SH:  0    Dex: 12    Spells: 2/3 levels left

rFire   . . .        a - +1 sling
rCold   . . .        (no shield)
rNeg    . . .        c - +0 robe
rPois   .            (helmet restricted)
rElec   .            (no cloak)
rCorr   .            (no gloves)
SInv    .            (no boots)
Will    .....        (no amulet)
Stlth   +            (no ring)
HPRegen 0.24/turn    (no ring)
MPRegen 0.08/turn

%: no passive effects
@: no status effects
A: horns 2, retaliatory headbutt
a: no special abilities


You were on level 1 of the Dungeon.
You visited 1 branch of the dungeon, and saw 1 of its levels.

You collected 37 gold pieces.


Innate Abilities, Weirdness & Mutations

You have a pair of horns on your head.
You reflexively headbutt those who attack you in melee.


   Skills:
 + Level 1.8 Fighting
 - Level 3.0 Ranged Weapons
 - Level 2.1 Dodging
 - Level 1.0 Spellcasting
 - Level 2.0 Hexes


You had 2 spell levels left.
You knew the following spells:

 Your Spells              Type           Power      Damage    Failure   Level
a - Slow                  Hex            16%        N/A       16%         1

Your spell library contained the following spells:

 Spells                   Type           Power      Damage    Failure   Level
 Inner Flame              Hex/Fire       2%         N/A       56%         3
 Portal Projectile        Hex/Tloc       4%         N/A       56%         3
 Cause Fear               Hex            2%         N/A       83%         4

Inventory:

Hand Weapons
 a - a +1 sling (weapon)
Armour
 c - a +0 robe (worn)
Scrolls
 b - a scroll of poison
 d - a scroll of identify {unknown}
 e - a scroll of blinking {unknown}
Potions
 f - 2 potions of brilliance {unknown}

Dungeon Overview and Level Annotations

Branches:
Dungeon (1/15)

Altars:


Message History

The rat is heavily wounded.
The rat bites you.
A ball python comes into view.
You shoot a sling bullet.
The sling bullet closely misses the rat.
The ball python hisses angrily.
The goblin barely misses you. The rat closely misses you.
The ball python bites you. The ball python grabs you.
The ball python constricts you.
You shoot a sling bullet.
The sling bullet barely misses the ball python.
The rat bites you. The goblin hits you with a +0 club.
The ball python barely misses you. The ball python constricts you.
The goblin hits you with a +0 club. The rat bites you but does no damage.
You shoot a sling bullet.
The sling bullet barely misses the ball python.
The ball python bites you. The ball python constricts you.
The goblin barely misses you. The rat bites you but does no damage.
You shoot a sling bullet.
The sling bullet closely misses the ball python.
The ball python closely misses you. The ball python constricts you.
The goblin hits you with a +0 club. The rat barely misses you.
The ball python barely misses you. The ball python constricts you.
You shoot a sling bullet.
The sling bullet barely misses the ball python.
The ball python loses its grip on you. The goblin closely misses you.
The goblin misses you. You furiously retaliate!
You headbutt the goblin.
You kill the goblin!
The rat bites you. The ball python barely misses you.
The ball python grabs you. The ball python constricts you.
You shoot a sling bullet. The sling bullet hits the ball python!
You kill the ball python!
The rat closely misses you. The goblin misses you.
The ball python barely misses you. The ball python misses you.
The rat barely misses you. The goblin closely misses you.
You shoot a sling bullet.
The sling bullet closely misses the goblin.
The ball python bites you. The ball python barely misses you.
The rat bites you. The goblin hits you with a +0 club.
You die...

#.........# #.........#
#......%..#####
#..............
...#####.............. .
#....................
...######...............
......S.r...............
......g@................
.#.....%.~.)............
........~~~.............
.......~~~~~..........#.
!.....~.....~.....###...
.....~~~...~~~.....##.##
....~~~~~.~~~~~.......#
...~......(....~.....##
~~~....<....~~~.....##


You could see a goblin, a ball python and a rat.

Vanquished Creatures
  4 ball pythons (D:1)
  An endoplasm (D:1)
  A giant cockroach (D:1)
  2 goblins (D:1)
  A hobgoblin (D:1)
  A quokka (D:1)
10 creatures vanquished.

Notes
Turn   | Place    | Note
-------+----------+-------------------------------------------
     0 | D:1      | qw the Minotaur Hexslinger began the quest for the Orb.
     0 | D:1      | Reached XP level 1. HP: 16/16 MP: 1/1
     0 | D:1      | 0 ||| qw: Version: 0.3-a-52-g30416fa
     0 | D:1      | 0 ||| qw: Game counter: 7207
     0 | D:1      | 0 ||| qw: Melee chars always use a shield: true
     0 | D:1      | 0 ||| qw: God list: Okawaru
     0 | D:1      | 0 ||| qw: Allow faded altars: false
     0 | D:1      | 0 ||| qw: Do Orc after clearing Dungeon:15 true
     0 | D:1      | 0 ||| qw: Do second Lair branch before Depths: true
     0 | D:1      | 0 ||| qw: Lair rune preference: random
     0 | D:1      | 0 ||| qw: Goals: Normal
     0 | D:1      | 0 ||| PLANNING D:1-11
    47 | D:1      | Reached skill level 3 in Ranged Weapons
    57 | D:1      | Reached XP level 2. HP: 23/23 MP: 2/2
    60 | D:1      | 60 ||| FLEEEEING.
    61 | D:1      | 61 ||| FLEEEEING.
    62 | D:1      | 62 ||| FLEEEEING.
    63 | D:1      | 63 ||| FLEEEEING.
    64 | D:1      | 64 ||| FLEEEEING.
    65 | D:1      | 65 ||| FLEEEEING.
    66 | D:1      | 66 ||| FLEEEEING.
    67 | D:1      | 67 ||| FLEEEEING.
    68 | D:1      | 68 ||| FLEEEEING.
    69 | D:1      | 69 ||| FLEEEEING.
    70 | D:1      | 70 ||| FLEEEEING.
    71 | D:1      | 71 ||| FLEEEEING.
    72 | D:1      | 72 ||| FLEEEEING.
    80 | D:1      | HP: 5/23 [rat (2)]
    82 | D:1      | HP: 2/24 [rat (1)]
    82 | D:1      | Slain by a goblin

Levels and vault maps discovered:
D:1:      onia_arrival_pyramid, layout_rooms, hangedman_feature_mirror,
          kennysheep_minor_cross, minmay_split_cup_small

Skill      XL: |  1 |
---------------+----+-----
Ranged Weapons | 3 |  3.0
Fighting       | |  1.8
Dodging        | |  2.1
Spellcasting   | |  1.0
Hexes          | |  2.0

Action                     || total
---------------------------++-------
   Fire: Sling             ||    24
 Armour: Robe              ||     3
  Dodge: Dodged            ||    19

Table legend:
 A = Non-vault XP
 B = Vault XP
 C = Vault XP percentage of total XP
 D = Non-vault monster count
 E = Vault monster count
 F = Vault count percentage of total count
                 A         B        C        D         E       F
            +---------+---------+-------+---------+---------+-------
      Total |      15 |       4 |  21.1 |       8 |       2 |  20.0
            +---------+---------+-------+---------+---------+-------
        D:1 |      15 |       4 |  21.1 |       8 |       2 |  20.0
            +---------+---------+-------+---------+---------+-------
